cohdb
Replays
Latest Replays
All Replays
Popular Replays
Top Player Replays
Match Explorer
How It Works
Community
CoH3 Stats
Reddit
Sign in to upload your games and track your stats! →
Sign in with Steam
watashi wa dragon desu!!!
Match 42918663
Overview
Messages
Build Orders
End
Construct Infanterie Kompanie
Pioneer Squad
Pioneer Squad
MG 42 Machine Gun Team
Grenadier Squad
Construct Luftwaffe Kompanie
Medical Bunker
Jäger Squad
Jäger Squad
Luftwaffe Officer Quarters
Jäger Squad
Forward Retreat Point
Construct Panzer Kompanie
Selects Breakthrough Battlegroup
Selects Assault Grenadiers
Selects Rapid Production
Selects Blitzkrieg
XD
Momoi Gaming
zuikaku0302
Sayamander 🐉
아티눕
qkqr1234
Karung_Vtuber
L2oGUN
0
0
Comments
sign in to comment!
No comments posted yet!